 Dungeon Crawl Stone Soup version 0.29-a0-1006-g0dd7720b37 (webtiles) character file.

Game seed: 8736329075256038398

13 drpainis the Caller (level 2, 0/15 HPs)
             Began as a Deep Elf Summoner on Aug 7, 2022.
             Succumbed to an adder's poison
             ... on level 2 of the Dungeon.
             The game lasted 00:02:28 (1517 turns).

drpainis the Caller (Deep Elf Summoner)             Turns: 1517, Time: 00:02:29

Health: 0/15       AC:  3    Str:  5    XL:     2   Next: 24%
Magic:  5/8        EV: 13    Int: 19    God:
Gold:   59         SH:  0    Dex: 15    Spells: 6/7 levels left

rFire   . . .      SeeInvis .   i - +0 dagger
rCold   . . .      Faith    .   (no shield)
rNeg    . . .      Spirit   .   a - +0 robe
rPois   .          Reflect  .   (no helmet)
rElec   .          Harm     .   (no cloak)
rCorr   .          Rampage  .   e - +0 pair of gloves {infuse}
Will    .....                   (no boots)
Stlth   +.........              (no amulet)
HPRegen 0.05/turn               (no ring)
MPRegen 0.11/turn               (no ring)

@: lethally poisoned (0 -> -9), very slow
A: no striking features
a: no special abilities


You were on level 2 of the Dungeon.
You visited 1 branch of the dungeon, and saw 2 of its levels.

You collected 59 gold pieces.

Inventory:

Hand Weapons
 i - a +0 dagger (weapon)
Armour
 a - a +0 robe (worn)
 e - a +0 pair of gloves of infusion (worn)
 j - an orb of light
Scrolls
 c - a scroll of identify {unknown}
 d - a scroll of immolation {unknown}
 g - a scroll of teleportation {unknown}
 h - a scroll of blinking {unknown}
Potions
 b - a potion of magic
 f - a potion of ambrosia {unknown}


   Skills:
 + Level 2.7 Dodging
 + Level 2.5 Stealth
 + Level 3.3 Spellcasting
 + Level 4.7 Summonings


You had 6 spell levels left.
You knew the following spells:

 Your Spells              Type           Power      Damage    Failure   Level
a - Summon Small Mammal   Summ           84%        N/A       2%          1

Your spell library contained the following spells:

 Spells                   Type           Power      Damage    Failure   Level
 Call Imp                 Summ           21%        N/A       3%          2
 Call Canine Familiar     Summ           21%        N/A       6%          3
 Summon Guardian Golem    Hex/Summ       12%        N/A       17%         3
 Summon Lightning Spire   Summ/Air       12%        N/A       50%         4


Dungeon Overview and Level Annotations

Branches:
Dungeon (2/15)

Altars:

Shops:
D:1 [(:


Message History

You hit the adder but do no damage.
The adder is lightly wounded.
The adder completely misses you.
Your quokka misses the adder.
Your bat barely misses the adder.
The adder barely misses you.
Your unstable footing causes you to fumble your attack.
Your bat closely misses the adder.
Your bat hits the adder but does no damage.
Your quokka closely misses the adder.
The adder barely misses you.
Your quokka completely misses the adder.
You closely miss the adder.
The adder is lightly wounded.
Your bat hits the adder but does no damage.
Your bat barely misses the adder.
The adder bites you.
You are poisoned.
The adder poisons you!
Your quokka bites the adder.
Your unstable footing causes you to fumble your attack.
You feel sick.
Your bat hits the adder but does no damage.
Your bat hits the plant.
The plant begins to die.
The adder bites your quokka.
Your bat barely misses the adder.
Your quokka closely misses the adder.
The adder misses your quokka.
You miss the adder.
The adder is heavily wounded.
You feel sick.
Your bat hits the adder but does no damage.
Your bat closely misses the adder.
The adder bites you.
Sorry, you're not good enough to have a special ability.
Unknown command.
Your unstable footing causes you to fumble your attack.
You feel sick.
Your bat closely misses the adder.
The adder bites you but does no damage.
Your quokka misses the adder.
You feel sick.
Your bat hits the adder.
Your quokka closely misses the adder.
The adder bites you.
* * * LOW HITPOINT WARNING * * *
You are lethally poisoned!
The adder poisons you!
Your quokka closely misses the adder.
The adder misses you.
You hit the plant.
The plant begins to die.
The plant is lightly damaged.
You die...

.... . ... " #
P..###..##.
~~........
♣~P~#...#
P~.~#..## ..P
♣PPP..>.. ..P~
♣♣@~P#
..P~♣♣♣♣SP~####
.P~~~♣PPbr....#
..P~~~~P.....#
##..PP......#
#..........#
#..........#
#.......?..##
#...........#


You could see an adder (ally target), a friendly quokka (summoned) and a
friendly bat (summoned).

Vanquished Creatures (collateral kills)
  2 bats (D:1)
  2 endoplasms (D:1)
  3 goblins (D:1)
  2 hobgoblins (D:1)
  A frilled lizard (D:1)
  A rat (D:1)
11 creatures vanquished.

Notes
Turn   | Place    | Note
-------+----------+-------------------------------------------
     0 | D:1      | drpainis the Deep Elf Summoner began the quest for the Orb.
     0 | D:1      | Reached XP level 1. HP: 10/10 MP: 6/6
    88 | D:1      | Found Buluass's Weapon Emporium.
   261 | D:1      | Found Kedoysm's Armour Shoppe.
   468 | D:1      | Reached XP level 2. HP: 12/15 MP: 5/8
  1115 | D:1      | Found Puag's Book Boutique.
  1517 | D:2      | Succumbed to an adder's poison

Illustrated notes

Levels and vault maps discovered:
D:1:      onia_arrival_pentagram, layout_basic, serial_shops,
          nicolae_shop_behind_doors, shop, nicolae_shop_trees,
          nrook_mini_backslash, corexii_leaking_fountain
D:2:      minmay_wonky_spiral, layout_basic, serial_bayou_pond_c

Action                   || total
-------------------------++-------
Melee: Dagger            ||     7
 Cast: Summon Small Mamm ||    22
Armor: Robe              ||     2
Dodge: Dodged            ||    12

Table legend: (Time is in decaauts)
 A = Elapsed time spent in this place.
 B = Non-inter-level travel time spent in this place.
 C = Inter-level travel time spent in this place.
 D = Time resting spent in this place.
 E = Time spent auto-exploring this place.
 F = Levels seen in this place.
 G = Mean time per level.
                   A        B        C        D        E       F      G
               +--------+--------+--------+--------+--------+-----+--------+
         Total |   1517 |   1494 |     23 |    505 |    760 |   2 |  758.5 |
       Dungeon |   1517 |   1494 |     23 |    505 |    760 |   2 |  758.5 |
               +--------+--------+--------+--------+--------+-----+--------+

Top non-repeatable levels by time:
     D:1: 1485 daAuts
     D:2: 31 daAuts
